 Dungeon Crawl Stone Soup version 0.27-a0-797-g27d10ad80f (webtiles) character file.

Game seed: 7764549647059054638

818 wakim the Vexing (level 7, -4/32 HPs)
             Began as a Spriggan Enchanter on Mar 27, 2021.
             Slain by an ogre
             ... wielding a +0 giant club
              (23 damage)
             ... on level 6 of the Dungeon.
             The game lasted 00:16:21 (6441 turns).

wakim the Vexing (Spriggan Enchanter)               Turns: 6441, Time: 00:16:21

Health: -4/32      AC:  3    Str:  4    XL:     7   Next: 62%
Magic:  4/12       EV: 18    Int: 16    God:
Gold:   295        SH:  0    Dex: 18    Spells: 8/11 levels left

rFire    . . .     SeeInvis +   a - +2 dagger (protect)
rCold    . . .     Faith    .   (shield restricted)
rNeg     . . .     Spirit   .   b - +0 robe
rPois    .         Reflect  .   (helmet restricted)
rElec    .         Harm     .   e - +0 cloak
rCorr    .         Rampage  .   (gloves unavailable)
Will     +....                  (boots unavailable)
Stlth    ++++......             (no amulet)
HPRegen  0.10/turn              (no ring)
MPRegen  0.13/turn              (no ring)

@: very quick
A: very small, no large weapons, unfitting armour, see invisible, speed 3
a: no special abilities


You were on level 6 of the Dungeon.
You visited 1 branch of the dungeon, and saw 6 of its levels.

You collected 295 gold pieces.

Inventory:

Hand Weapons
 a - a +2 dagger of protection (weapon)
 c - a +2 dagger
Missiles
 d - 2 boomerangs
Armour
 b - a +0 robe (worn)
 e - a +0 cloak (worn)
Wands
 p - a wand of paralysis (6)
 q - a wand of flame (15)
Scrolls
 Z - a scroll of identify {@r1}
Potions
 f - a potion of might {unknown}
 i - 2 potions of degeneration {unknown}
 C - a potion of cancellation
 J - 2 potions of curing {@q1}


   Skills:
 + Level 5.7 Short Blades
 - Level 3.2 Dodging
 + Level 6.5 Stealth
 - Level 2.6 Spellcasting
 + Level 6.8 Hexes
 - Level 2.6 Ice Magic


You had 8 spell levels left.
You knew the following spells:

 Your Spells              Type           Power      Damage    Failure   Level
a - Corona                Hex            25%        N/A       1%          1
g - Ensorcelled Hibernat  Hex/Ice        34%        N/A       4%          2

Your spell library contained the following spells:

 Spells                   Type           Power      Damage    Failure   Level
 Confusing Touch          Hex            23%        N/A       3%          3
 Tukima's Dance           Hex            23%        N/A       3%          3
 Dazzling Flash           Conj/Hex       26%        N/A       14%         3
 Animate Skeleton         Necr           4%         N/A       19%         1
 Apportation              Tloc           4%         N/A       19%         1
 Magic Dart               Conj           8%         1d3       19%         1
 Summon Small Mammal      Summ           8%         N/A       19%         1
 Searing Ray              Conj           4%         3d3       28%         2
 Fulminant Prism          Conj/Hex       6%         3d7       43%         4
 Iskenderun's Mystic Bla  Conj/Tloc      2%         2d3       88%         4


Dungeon Overview and Level Annotations

Branches:
Dungeon (5/15)
 Temple: D:4-7

Altars:
Fedhas
Vehumet

Annotations:
D:6 Eustachio


Innate Abilities, Weirdness & Mutations

You are very small and have problems with some larger weapons.
You are too small for most types of armour.
You have supernaturally acute eyesight. (SInv)
You cover ground extremely quickly. (Speed+++)


Message History

Found a leather armour.
Okay, then.
Adjust (i)tems, (s)pells, or (a)bilities?
c - a +2 dagger of protection Adjust to which letter? (? for menu, Esc to quit)
a - a +2 dagger of protection;
c - a +2 dagger (weapon)
Your +2 dagger of protection hums with potential!
a - a +2 dagger of protection (weapon)
The hound stops to sniff the ground.
Casting: Ensorcelled Hibernation (safe; 4% risk of failure)
Confirm with . or Enter, or press ? or * to list all spells.
Okay, then.
You are too injured to fight recklessly!
Casting: Ensorcelled Hibernation (safe; 4% risk of failure)
Confirm with . or Enter, or press ? or * to list all spells.
Aiming: Ensorcelled Hibernation (safe; 4% risk of failure)
Press: ? - help, Shift-Dir - straight line, f - hound
Aim: a hound (chance to affect: 56%)
The hound looks drowsy...
The helpless hound fails to defend itself.
You stick the hound like a pincushion!!!
Your weapon exudes an aura of protection.
You kill the hound!
An ogre comes into view. It is wielding a +0 giant spiked club.
You see here a hound corpse.
Casting: Ensorcelled Hibernation (safe; 4% risk of failure)
Confirm with . or Enter, or press ? or * to list all spells.
Aiming: Ensorcelled Hibernation (safe; 4% risk of failure)
Press: ? - help, Shift-Dir - straight line, f - ogre
Aim: an ogre, wielding a +0 giant club (chance to affect: 48%)
The ogre resists with some effort.
Casting: Ensorcelled Hibernation (safe; 4% risk of failure)
Confirm with . or Enter, or press ? or * to list all spells.
Aiming: Ensorcelled Hibernation (safe; 4% risk of failure)
Press: ? - help, Shift-Dir - straight line, f/p - ogre
Aim: an ogre, wielding a +0 giant club (chance to affect: 48%)
The ogre resists with some effort.
The ogre hits you with a +0 giant club!!
Ouch! That really hurt!
You die...

........# ## ........# .#
........# #. ........# .#
........# ##>#
........###..####. ...
........##.......# ....
O........†@...# ....
..........O.### .....
........#...######..... ...
...[....#..................
......###..................
####.. #...#....#####.....
#§#§ #...##..## ..... ##.§
#..###...#####..#.. #..#
#.......O.....


You could see an ogre.

Vanquished Creatures
  Sigmund (D:3)
  A steam dragon (D:3)
  A necrophage (D:5)
  A centaur (D:5)
  A water moccasin skeleton (D:4)
  A scorpion (D:4)
  A hound (D:6)
  An orc wizard (D:3)
  11 gnolls
  3 adders
  A howler monkey skeleton (D:5)
  2 orcs (D:3)
  2 bats
  9 endoplasms
  4 giant cockroaches
  5 goblins
  5 hobgoblins
  4 jackals
  2 quokkas (D:1)
  7 ball pythons
  8 frilled lizards
  9 kobolds
  4 rats
84 creatures vanquished.

Notes
Turn   | Place    | Note
-------+----------+-------------------------------------------
     0 | D:1      | wakim the Spriggan Enchanter began the quest for the Orb.
     0 | D:1      | Reached XP level 1. HP: 9/9 MP: 5/5
   900 | D:1      | Reached XP level 2. HP: 13/13 MP: 4/6
  1757 | D:1      | Learned a level 2 spell: Ensorcelled Hibernation
  2047 | D:1      | Reached XP level 3. HP: 14/16 MP: 2/8
  3377 | D:2      | Reached XP level 4. HP: 21/21 MP: 6/9
  3389 | D:2      | Reached skill level 1 in Ice Magic
  3733 | D:3      | Reached skill level 5 in Hexes
  3733 | D:3      | Reached XP level 5. HP: 24/24 MP: 7/10
  4097 | D:3      | Found a radiant altar of Vehumet.
  4245 | D:3      | Noticed a steam dragon
  4392 | D:3      | Killed a steam dragon
  4393 | D:3      | Reached XP level 6. HP: 18/28 MP: 8/11
  4502 | D:3      | Noticed Sigmund
  4511 | D:3      | Killed Sigmund
  5165 | D:4      | Reached skill level 5 in Stealth
  5171 | D:4      | Reached skill level 5 in Short Blades
  5330 | D:4      | Found a blossoming altar of Fedhas.
  5437 | D:4      | Reached XP level 7. HP: 32/32 MP: 7/12
  5443 | D:4      | Identified the +7 tower shield "Corazxenk" {rC+ Regen+
                  | Int+3}
  6374 | D:5      | Entered Level 5 of the Dungeon
  6397 | D:5      | You fall into a shaft and drop 1 floor!
  6397 | D:6      | Noticed Eustachio
  6441 | D:6      | Slain by an ogre

Illustrated notes

Levels and vault maps discovered:
D:1:      ebering_trefoil_3fold, layout_basic, serial_glass, glass_columns_c,
          glass_columns_a, chequers_mini_garden, minmay_cupped
D:2:      layout_rooms, minivault_27
D:3:      layout_loops_ring, lemuel_doored_altar, uniq_sigmund
D:4:      layout_loops_ring, hangedman_decor_slide_cut, fedhas_ov_isle_minmay
D:5:      lemuel_ice_spiral_2, layout_basic, minmay_temple_entry_fiery,
          ebering_ghost_sewer_f, ashenzari_altar_1
D:6:      layout_layer_cave, gammafunk_ghost_split, serial_shops,
          nicolae_shop_statue_plus, grunt_dithmenos_smoke_and_mirrors,
          uniq_eustachio, uniq_pikel, uniq_blork_the_orc

Skill      XL: |  1  2  3  4  5  6  7 |
---------------+----------------------+-----
Dodging        | 3 |  3.2
Short Blades   | 2 3 5 |  5.7
Hexes          | 4 5 6 |  6.8
Ice Magic      | 1 2 |  2.6
Stealth        | 5 6 |  6.5
Spellcasting   | |  2.6

Action                   |  1- 3 |  4- 6 |  7- 9 || total
-------------------------+-------+-------+-------++-------
Melee: Dagger            |   110 |    47 |    25 ||   182
Throw: Dart              |     1 |       |       ||     1
       Boomerang         |     7 |       |       ||     7
 Cast: Corona            |    27 |       |       ||    27
       Ensorcelled Hiber |    34 |    35 |    30 ||    99
Evoke: Wand              |       |       |     3 ||     3
  Use: Scroll            |       |     5 |     1 ||     6
 Stab: Sleeping          |    25 |    26 |    11 ||    62
Armor: Robe              |     7 |     2 |     3 ||    12
Dodge: Dodged            |    92 |    23 |    25 ||   140

Table legend: (Time is in decaauts)
 A = Elapsed time spent in this place.
 B = Non-inter-level travel time spent in this place.
 C = Inter-level travel time spent in this place.
 D = Time resting spent in this place.
 E = Time spent auto-exploring this place.
 F = Levels seen in this place.
 G = Mean time per level.
                   A        B        C        D        E       F      G
               +--------+--------+--------+--------+--------+-----+--------+
         Total |   5355 |   5282 |     73 |    938 |   3370 |   6 |  892.5 |
       Dungeon |   5355 |   5282 |     73 |    938 |   3370 |   6 |  892.5 |
               +--------+--------+--------+--------+--------+-----+--------+

Top non-repeatable levels by time:
     D:1: 2252 daAuts
     D:3: 1477 daAuts
     D:2: 912 daAuts
     D:4: 668 daAuts
     D:6: 27 daAuts
     D:5: 16 daAuts
